 Dungeon Crawl Stone Soup version 0.14-a0-1266-g856eec9 (webtiles) character file.

973 4tharraofdagon the Cudgeler (level 7, -19/60 HPs)
             Began as a Demigod Artificer on Dec 3, 2013.
             Demolished by Pikel
             ... wielding a +1,+2 whip of electrocution
              (21 damage)
             ... on Level 6 of the Dungeon.
             The game lasted 00:16:33 (2607 turns).

4tharraofdagon the Cudgeler (Demigod Artificer)     Turns: 2607, Time: 00:16:34

HP -19/60        AC 13     Str 18      XL: 7   Next: 28%
MP  15/15        EV  4     Int 17      God:
Gold 197         SH  0     Dex 20      Spells:  0 memorised,  6 levels left

rFire  . . .     SeeInvis .     v - +0,+1 whip (holy)
rCold  . . .     Clarity  .     s - +0 plate armour
rNeg   . . .     Conserve .     (no shield)
rPois  .         rCorr    .     (helmet restricted)
rElec  .         rRot     .     L - +0 cloak
SustAb . .       Spirit   .     (no gloves)
rMut   .         Warding  .     u - +0 pair of boots
Saprov . . .     Stasis   .     (no amulet)
                                A - ring of hunger
                                k - ring of protection from magic {unknown}

@: quite resistant to hostile enchantments, extremely unstealthy
A: antennae 1, agile 1, berserk 1, strong 1
a: no special abilities


You were on level 6 of the Dungeon.
You were very hungry.

You visited 1 branch of the dungeon, and saw 7 of its levels.
You also visited: Sewer.

You collected 239 gold pieces.
You spent 42 gold pieces at shops.

Inventory:

Hand weapons
 a - a +0,+0 short sword
 g - a +0,+0 short sword
 o - a +1,+2 short sword
 v - a +0,+1 whip of holy wrath (weapon)
Missiles
 j - 21 darts (quivered)
Armour
 e - a +0 leather armour
 l - a +0 chain mail
 m - a +0 cloak
 n - a +0 scale mail
 s - a +0 plate armour (worn)
 u - a +0 pair of boots (worn)
 L - a +0 cloak (worn)
Magical devices
 b - a wand of flame (0)
 c - a wand of enslavement (6)
 d - a wand of random effects (3)
Comestibles
 f - 3 bread rations
 q - a meat ration
 x - 4 rotting chunks of troll flesh
Scrolls
 h - a scroll of random uselessness {unknown}
 i - a scroll of amnesia {unknown}
 p - a scroll of remove curse
 t - a scroll of summoning {unknown}
 y - a scroll of noise
 C - a scroll of magic mapping {unknown}
 F - 2 scrolls of teleportation
 J - a scroll of fear {unknown}
Jewellery
 k - a ring of protection from magic (left hand) {unknown}
 r - an uncursed ring of teleportation
 A - a ring of hunger (right hand)
Potions
 w - 2 potions of curing
 z - a potion of berserk rage
 B - a potion of poison
 D - 2 potions of heal wounds
 E - 4 potions of flight {unknown}
 G - a potion of agility
 I - a potion of might {unknown}
 M - a potion of restore abilities


   Skills:
 + Level 4.6 Fighting
 - Level 0.8 Short Blades
 * Level 4.8 Maces & Flails
 + Level 3.2 Armour
 - Level 1.7 Dodging
 - Level 0.8 Stealth
 - Level 2.6 Evocations


You had 6 spell levels left.
You didn't know any spells.

Dungeon Overview and Level Annotations

Branches:
Dungeon (7/16)             Temple (0/1) D:4

Shops:
D:5 %*[

Annotations:
D:6 Pikel


Innate Abilities, Weirdness & Mutations

You have a pair of small antennae on your head.
You are agile. (Dex +2)
You tend to lose your temper in combat.
Your muscles are strong. (Str +2)


Message History

Evoke which item? (* to show all) (? for menu, Esc to quit)
Zapping:
d - a wand of random effects (5)
Press: ? - help, Shift-Dir - straight line, f/p - freed slave
Aim: a freed slave wearing an animal skin (almost dead) Nothing appears to happen.
This wand has 4 charges left.
Evoke which item? (* to show all) (? for menu, Esc to quit)
Zapping:
d - a wand of random effects (4)
Press: ? - help, Shift-Dir - straight line, f/p - freed slave
Aim: a freed slave wearing an animal skin (almost dead) Pikel seems to speed up.
This wand has 3 charges left.
Pikel hits you but does no damage.
You are electrocuted!
Pikel hits you but does no damage.
You are electrocuted!
* * * LOW HITPOINT WARNING * * *
Evoke which item? (* to show all) (? for menu, Esc to quit)
Zapping:
c - a wand of enslavement (7)
Press: ? - help, Shift-Dir - straight line, f/p - freed slave
Aim: a freed slave wearing an animal skin (almost dead) Pikel easily resists.
This wand has 6 charges left.
Pikel hits you but does no damage.
You are electrocuted!
You die...

...#############.# #.# ....#
##l##########.# ...#
#........%.##.# ...#
#..........#..##### ..#
#..........#....... .@#
#..........#.#####. #K#
##..<#######.# #. #.#
##########.#.# #.# #. #.#
#..%...[@K@#.#######.#####.
.##.######.#####.................
...>...{......@..................
...........####....###.###.#####.
.#########.####.##.........# #. .
####....s.##.##...########.
#.K.......##.##...# #....
#S##.###..........# #####
###s##.# #.#######.##


You could see Pikel, a freed slave, a giant gecko and a giant cockroach.

Vanquished Creatures
  A black bear (D:7)
  Purgy (Sewer)
  A deep dwarf (D:6)
  A slave (D:6)
  A warg (D:4)
  A crimson imp (D:6)
  A big fish (Sewer)
  A hound (D:5)
  An iguana (D:4)
  A giant frog skeleton (D:5)
  A scorpion (D:5)
  A worker ant (D:5)
  A hound zombie (D:5)
  8 adders
  2 giant mites
  A giant eyeball (D:6)
  2 giant geckos
  An ooze (D:3)
  4 orcs
  A ball python (Sewer)
  7 bats
  A bat skeleton (D:4)
  A bat zombie (D:6)
  4 giant cockroaches
  6 hobgoblins
  5 kobolds
  A giant gecko skeleton (D:4)
  3 giant newts
  A giant spore (D:6)
  9 goblins
  4 quokkas
  6 rats
  A rat skeleton (D:5)
  2 ballistomycetes (D:6)
83 creatures vanquished.

Vanquished Creatures (collateral kills)
  An adder (D:6)
1 creature vanquished.

Grand Total: 84 creatures vanquished

Notes
Turn   | Place    | Note
--------------------------------------------------------------
     0 | D:1      | 4tharraofdagon, the Demigod Artificer, began the quest for the Orb.
     0 | D:1      | Reached XP level 1. HP: 15/15 MP: 2/2
    28 | D:1      | Reached skill level 1 in Fighting
   252 | D:2      | Reached XP level 2. HP: 14/24 MP: 3/3
   400 | D:2      | Reached XP level 3. HP: 15/30 MP: 6/6
   509 | D:2      | Reached skill level 3 in Fighting
   653 | D:3      | Reached skill level 1 in Armour
   945 | D:4      | Reached XP level 4. HP: 36/38 MP: 8/8
  1016 | D:4      | Gained mutation: You are agile. (Dex +2) [potion of beneficial mutation]
  1041 | D:4      | Found a staircase to the Ecumenical Temple.
  1079 | D:4      | Reached skill level 1 in Maces & Flails
  1190 | D:4      | Noticed an ogre
  1210 | D:4      | Noticed a warg
  1210 | D:4      | an ogre changed into a warg
  1220 | D:4      | Killed a warg
  1220 | D:4      | Reached XP level 5. HP: 18/45 MP: 10/10
  1231 | D:4      | hurdos: I'm the second after bmfx
  1343 | D:4      | 4tharraofdagon: oh
  1343 | D:4      | 4tharraofdagon: no
  1343 | D:4      | 4tharraofdagon: you are first
  1343 | D:4      | 4tharraofdagon: you 106k vs his 108
  1344 | D:5      | Entered Level 5 of the Dungeon
  1344 | D:5      | Found Stripiud's Food Emporium.
  1363 | D:5      | hurdos: hm ...
  1441 | D:4      | hurdos: 1547. bmfx, XL27 DgNe, T:104051: http://crawl.lantea.net/crawl/morgue/bmfx/morgue-bmfx-20131012-222158.txt
  1443 | D:4      | Found an iron altar of Okawaru.
  1450 | D:5      | hurdos: 1546/1547. hurdos, XL27 DgNe, T:106762: http://crawl.lantea.net/crawl/morgue/hurdos/morgue-hurdos-20131203-110438.txt
  1450 | D:5      | 4tharraofdagon: i was looking at best God of death
  1450 | D:5      | 4tharraofdagon: not best dgne
  1450 | D:5      | hurdos: ah
  1450 | D:5      | hurdos: I see
  1463 | D:5      | Found Afozoulyargh's General Store.
  1474 | D:5      | Bought a potion of mutation for 42 gold pieces
  1475 | D:5      | Gained mutation: Your muscles are strong. (Str +2) [potion of mutation]
  1475 | D:5      | Gained mutation: You tend to lose your temper in combat. [potion of mutation]
  1475 | D:5      | Gained mutation: You have a pair of small antennae on your head. [potion of mutation]
  1531 | D:5      | Found Qielias' Armour Shoppe.
  1612 | D:5      | hurdos: show yoyr muts?
  1630 | D:5      | hurdos: *your
  1647 | D:5      | hurdos: thxz
  1726 | D:6      | Paralysed by a giant eyeball for 4 turns
  1732 | D:6      | Reached XP level 6. HP: 50/52 MP: 12/12
  1792 | D:6      | hurdos: there was funny situation with me when I was passing holy pan level
  1855 | D:6      | hurdos: silver star revomed all my muts :)
  1881 | D:6      | hurdos: and bad and nice
  1983 | D:6      | Noticed a sky beast
  2030 | D:6      | Noticed a slave
  2034 | D:6      | Reached skill level 4 in Fighting
  2035 | D:6      | Noticed Pikel
  2048 | D:6      | Noticed a slave
  2050 | D:6      | Found a glowing drain.
  2095 | D:6      | Noticed a slave
  2106 | Sewer    | Entered a sewer
  2278 | Sewer    | Noticed Purgy
  2287 | Sewer    | Killed Purgy
  2287 | Sewer    | Reached XP level 7. HP: 60/60 MP: 15/15
  2302 | Sewer    | 4tharraofdagon: eh
  2560 | D:6      | Noticed a slave
  2602 | D:6      | Killed a freed slave
  2606 | D:6      | HP: 2/60 [Pikel/whip of electrocution (17)]
  2607 | D:6      | Demolished by Pikel

Action                   |  1- 3 |  4- 6 |  7- 9 || total
-------------------------+-------+-------+-------++-------
Melee: Short sword       |    96 |       |       ||    96
       Whip              |    45 |   217 |    50 ||   312
Throw: Dart              |     1 |     5 |       ||     6
Evoke: Wand              |    10 |    24 |    18 ||    52
  Use: Potion            |     3 |     4 |     2 ||     9
       Scroll            |     1 |     5 |     5 ||    11
 Stab: Invisible         |     3 |       |       ||     3
       Confused          |       |     2 |       ||     2
       Paralysed         |       |     9 |       ||     9
